 Dungeon Crawl Stone Soup version 0.19.0-9-gfd783f2 (webtiles) character file.

896 LORDOFBUTT the Vexing (level 7, -1/28 HPs)
             Began as a Spriggan Enchanter on Nov 7, 2016.
             Was an Initiate of Hepliaklqana.
             Slain by a gnoll
             ... wielding a +0 spear
              (9 damage)
             ... on level 5 of the Dungeon.
             The game lasted 00:10:45 (5193 turns).

LORDOFBUTT the Vexing (Spriggan Enchanter)          Turns: 5193, Time: 00:10:46

Health: -1/28      AC:  3    Str:  4    XL:     7   Next: 78%
Magic:  2/17       EV: 18    Int: 17    God:    Hepliaklqana [......]
Gold:   168        SH:  0    Dex: 18    Spells: 4 memorised, 9 levels left

rFire  . . .     SeeInvis +     m - +1 dagger (flame)
rCold  . . .     Gourm    .     b - +1 robe
rNeg   . . .     Faith    .     (shield restricted)
rPois  .         Spirit   .     (helmet restricted)
rElec  .         Reflect  .     (no cloak)
rCorr  .         Harm     .     (gloves unavailable)
MR     +....                    (boots unavailable)
Stlth  ++++......               (no amulet)
                                (no ring)
                                (no ring)

@: very quick
A: unfitting armour, reduced essence, see invisible, herbivore 3, speed 3, slow
metabolism 2
a: Recall Ancestor, Ancestor Identity, Renounce Religion


You were on level 5 of the Dungeon.
You worshipped Hepliaklqana.
Hepliaklqana was noncommittal.
You were not hungry.

You visited 1 branch of the dungeon, and saw 5 of its levels.
You also visited: Sewer.

You collected 168 gold pieces.

Inventory:

Hand Weapons
 m - a +1 dagger of flaming (weapon)
Armour
 b - a +1 robe (worn)
Jewellery
 n - an uncursed ring of fire {unknown}
Wands
 t - a wand of flame (16/48)
Scrolls
 a - 2 scrolls of remove curse {unknown}
 g - 2 scrolls of fog {unknown}
 j - 2 scrolls of enchant armour {unknown}
 k - 2 scrolls of immolation {unknown}
 o - 3 scrolls of recharging {unknown}
 q - 2 scrolls of teleportation
 r - 2 scrolls of random uselessness {unknown}
 s - 2 scrolls of enchant weapon {unknown}
 u - 2 scrolls of blinking {unknown}
 y - a scroll of magic mapping {unknown}
Potions
 e - 4 potions of heal wounds
 f - 4 potions of curing
 i - 4 potions of flight
 l - a potion of magic
 p - 2 potions of brilliance
 v - a potion of lignification {unknown}
 x - 3 potions of mutation
 z - a potion of might {unknown}
Books
 c - a book of Maledictions

   Spells                             Type                      Level
   a - Corona                         Hexes                        1
   b - Ensorcelled Hibernation        Hexes/Ice                    2
   c - Confuse                        Hexes                        3
   d - Tukima's Dance                 Hexes                        3
   e - Dazzling Spray                 Conjuration/Hexes            3
Comestibles
 d - 4 bread rations
 w - 10 fruits
 A - a slice of pizza


   Skills:
 - Level 1.1 Short Blades
 - Level 3.0 Dodging
 + Level 7.2 Stealth
 * Level 6.4 Spellcasting
 * Level 7.4 Hexes
 + Level 2.6 Ice Magic


You had 9 spell levels left.
You knew the following spells:

 Your Spells              Type           Power        Failure   Level  Hunger
a - Corona                Hex            ####...      1%          1    None
b - Ensorcelled Hibernat  Hex/Ice        ###...       2%          2    None
c - Confuse               Hex            ####....     1%          3    ##.....
d - Tukima's Dance        Hex            ####....     1%          3    ##.....


Dungeon Overview and Level Annotations

Branches:
Dungeon (5/15)             Temple (0/1) D:4

Altars:
Hepliaklqana
Kikubaaqudgha
Yredelemnul
Zin
The Shining One


Innate Abilities, Weirdness & Mutations

You are very small and have problems with some larger weapons.
You are too small for most types of armour.
You have supernaturally acute eyesight. (SInv)
You are a herbivore.
You cover ground extremely quickly.
You need consume almost no food.
Your life essence is reduced. (-10% HP)


Message History

Press: ? - help, Shift-Dir - straight line, f/p - gnoll shaman
Aim: a gnoll shaman, wielding a whip and wearing a robe (heavily wounded, confused, chance to defeat MR: 51%)
The gnoll shaman resists with some effort.
The gnoll completely misses you.
Casting: Ensorcelled Hibernation
Confirm with . or Enter, or press ? or * to list all spells.
You don't have enough magic to cast that spell.
Unknown command.
You catch the helpless gnoll shaman completely off-guard!
You puncture the gnoll shaman! You burn the gnoll shaman.
You kill the gnoll shaman!
The gnoll completely misses you.
You swap places.
You swap places.
The gnoll closely misses you.
You swap places.
The gnoll hits you from afar with a spear.
* * * LOW HITPOINT WARNING * * *
Takurtum hits the gnoll.
The gnoll hits you from afar with a spear!
You die...

########
####..@Rg)#
####
#####....####g#
...#
##.....#### #.#
...###).#####
#g# .......##
#Z# ##.#####
#g# ...#
#######g####
####
#..........#
#..........#


You could see the friendly Takurtum the ancestor and 2 gnolls.

Vanquished Creatures
  The ghost of crawdingle the Archer, an amateur CeHu (D:3)
  A centaur (D:5)
  A big kobold (Sewer)
  A bullfrog (D:3)
  A howler monkey (D:4)
  2 crimson imps (D:5)
  3 hounds (D:4)
  A gnoll shaman (D:5)
  2 orc priests
  Ijyb (D:2)
  An iguana (D:4)
  2 orc wizards (D:4)
  2 worker ants (D:4)
  3 adders
  5 gnolls
  A river rat (Sewer)
  An ooze (D:2)
  A worm (D:2)
  A dart slug (D:4)
  6 leopard geckos
  10 orcs
  4 bats
  5 giant cockroaches
  4 goblins
  2 hobgoblins (D:3)
  15 jackals
  8 kobolds
  3 quokkas
  5 frilled lizards
  7 rats
100 creatures vanquished.

Notes
Turn   | Place    | Note
-------+----------+-------------------------------------------
     0 | D:1      | LORDOFBUTT the Spriggan Enchanter began the quest for the Orb.
     0 | D:1      | Reached XP level 1. HP: 9/9 MP: 5/5
   302 | D:1      | Reached XP level 2. HP: 13/13 MP: 7/7
   306 | D:1      | Learned a level 2 spell: Ensorcelled Hibernation
   823 | D:2      | Noticed Ijyb
   831 | D:2      | Killed Ijyb
   831 | D:2      | Reached XP level 3. HP: 14/16 MP: 6/9
   841 | D:2      | Reached skill level 5 in Stealth
  1129 | D:2      | Reached XP level 4. HP: 18/21 MP: 1/10
  1307 | D:2      | Reached skill level 1 in Ice Magic
  1827 | D:3      | Reached skill level 5 in Hexes
  1958 | D:3      | Found a hazy altar of Hepliaklqana.
  1961 | D:3      | Found a basalt altar of Yredelemnul.
  1962 | D:3      | Found a glowing silver altar of Zin.
  2034 | D:3      | Learned a level 3 spell: Confuse
  2038 | D:3      | Learned a level 3 spell: Tukima's Dance
  2134 | D:3      | Noticed crawdingle's ghost (amateur CeHu)
  2144 | D:3      | Killed crawdingle's ghost
  2144 | D:3      | Reached XP level 5. HP: 24/24 MP: 7/12
  2173 | D:3      | Found a glowing golden altar of the Shining One.
  2245 | D:3      | Found a glowing drain.
  2249 | Sewer    | Entered a sewer
  2438 | Sewer    | Reached XP level 6. HP: 28/28 MP: 10/14
  2478 | Sewer    | Found a white marble altar of Elyvilon.
  3297 | D:3      | Reached skill level 5 in Spellcasting
  3810 | D:4      | Reached XP level 7. HP: 27/32 MP: 16/16
  4154 | D:3      | Became a worshipper of Hepliaklqana the Forgotten
  4484 | D:4      | Found a staircase to the Ecumenical Temple.
  4833 | D:5      | Entered Level 5 of the Dungeon
  4993 | D:5      | Found an ancient bone altar of Kikubaaqudgha.
  5193 | D:5      | Slain by a gnoll

Skill      XL: |  1  2  3  4  5  6  7 |
---------------+----------------------+-----
Spellcasting   | 3 4 5 6 |  6.4
Hexes          | 4 5 6 7 |  7.4
Stealth        | 5 6 7 |  7.2
Ice Magic      | 1 2 |  2.6
Short Blades   | |  1.1
Dodging        | |  3.0

Action                   |  1- 3 |  4- 6 |  7- 9 || total
-------------------------+-------+-------+-------++-------
Melee: Dagger            |   116 |   176 |   105 ||   397
 Cast: Ensorcelled Hiber |     9 |    22 |    13 ||    44
       Confuse           |       |     6 |    12 ||    18
Invok: Recall Ancestor   |       |       |     2 ||     2
  Use: Scroll            |       |       |     7 ||     7
 Stab: Sleeping          |    12 |    17 |     7 ||    36
       Confused          |       |     3 |     5 ||     8
       Distracted        |       |     3 |     1 ||     4
  Eat: Bread ration      |       |     1 |       ||     1
Armor: Robe              |    19 |    20 |     9 ||    48
Dodge: Dodged            |   126 |   160 |    98 ||   384
